BSA
SEATTLE PIKES @ LOS CABOS CARTEL
07/14/2024
 
TOP OF THE 1ST
Seattle Pikes batting - Pitching for Los Cabos Cartel : RHP Dillon Nelson
Pitching: RHP Dillon Nelson
Batting: LHB Chad Weaver 0-0: Ball
1-0: Ground out 5-3 (Groundball, 5)
Batting: LHB Robinson Fernández 0-0: SINGLE (Line Drive, 6D)
Batting: RHB Dave Morgan 0-0: Ball
1-0: Foul Ball, location: 2F
1-1: Foul Ball, location: 2F
1-2: Foul Ball, location: 2F
1-2: DOUBLE (Line Drive, 78D)
Robinson Fernández to third
Batting: RHB Manuel Rico 0-0: Swinging Strike
0-1: Ball
1-1: Ball
2-1: Swinging Strike
2-2: Foul Ball, location: 2F
2-2: Ball
3-2: Ground out 6-3 (Groundball, 6)
Robinson Fernández scores
Batting: LHB Eduardo Gómez 0-0: Ball
1-0: Ground out 4-3 (Groundball, 4)
Top of the 1st over - 1 run(s), 2 hit(s), 0 error(s), 1 left on base; Seattle 1 - Los Cabos 0
BOTTOM OF THE 1ST
Los Cabos Cartel batting - Pitching for Seattle Pikes : RHP Thomas Hughes
Pitching: RHP Thomas Hughes
Batting: RHB Dan Mason 0-0: Foul Ball, location: 2F
0-1: Foul Ball, location: 2F
0-2: Ball
1-2: Ball
2-2: Ball
3-2: Base on Balls
Batting: LHB Luis González 0-0: Called Strike
Dan Mason is caught stealing 2nd base
0-1: Ball
1-1: Foul Ball, location: 2F
1-2: Ball
2-2: Fly out, F5 (Popup, 15)
Batting: SHB Julián Madrid 0-0: Foul Ball, location: 2F
0-1: Ball
1-1: Foul Ball, location: 2F
1-2: Foul Ball, location: 2F
1-2: Ball
2-2: Ball
3-2: Foul Ball, location: 2F
3-2: Fly out, F9 (Flyball, 9S)
Bottom of the 1st over - 0 run(s), 0 hit(s), 0 error(s), 0 left on base; Seattle 1 - Los Cabos 0
TOP OF THE 2ND
Seattle Pikes batting - Pitching for Los Cabos Cartel : RHP Dillon Nelson
Batting: RHB Wallace Greene 0-0: Ball
1-0: Called Strike
1-1: Called Strike
1-2: Ball
2-2: Foul Ball, location: 2F
2-2: Foul Ball, location: 2F
2-2: Ball
3-2: Strikes out swinging
Batting: RHB Rafael Rincón 0-0: Ball
1-0: SOLO HOME RUN (Flyball, 7D), Distance : 426 ft
Batting: SHB Jong-min Kim 0-0: Ball
1-0: Ball
2-0: Ball
3-0: Fly out, F8 (Flyball, 8RS)
Batting: RHB George Howard 0-0: SINGLE (Groundball, 6MD)
Batting: LHB Chad Weaver 0-0: Ball
1-0: Called Strike
George Howard is caught stealing 2nd base
Top of the 2nd over - 1 run(s), 2 hit(s), 0 error(s), 0 left on base; Seattle 2 - Los Cabos 0
BOTTOM OF THE 2ND
Los Cabos Cartel batting - Pitching for Seattle Pikes : RHP Thomas Hughes
Batting: LHB Marc Brown 0-0: Ball
1-0: DOUBLE (Groundball, 3L)
Batting: RHB Stephen Wilson 0-0: Called Strike
0-1: Ball
1-1: Foul Ball, location: 2F
1-2: Ball
2-2: Ball
3-2: Base on Balls
Batting: LHB Manny Quiñones 0-0: Ball
1-0: Ball
2-0: Called Strike
2-1: Foul Ball, location: 2F
2-2: Foul Ball, location: 2F
2-2: Strikes out swinging
Batting: RHB Oliver Hernández 0-0: Ball
1-0: Ball
2-0: Ball
3-0: Base on Balls
Marc Brown to third
Stephen Wilson to second
Batting: LHB José Rivas 0-0: Foul Ball, location: 2F
0-1: Fly out, F7 (Flyball, 7M)
Runner from 3rd tags up, SCORES, no throw
Batting: RHB Oliver Lugo 0-0: Ball
1-0: Ball
2-0: Foul Ball, location: 2F
2-1: Swinging Strike
2-2: Ball
3-2: Strikes out swinging
Bottom of the 2nd over - 1 run(s), 1 hit(s), 0 error(s), 2 left on base; Seattle 2 - Los Cabos 1
TOP OF THE 3RD
Seattle Pikes batting - Pitching for Los Cabos Cartel : RHP Dillon Nelson
Batting: LHB Chad Weaver 0-0: Called Strike
0-1: Bunted foul
0-2: Ground out 6-3 (Groundball, 6)
Batting: LHB Robinson Fernández 0-0: Swinging Strike
0-1: Ball
1-1: Swinging Strike
1-2: Strikes out swinging
Batting: RHB Dave Morgan 0-0: Ball
1-0: Ball
2-0: Ground out 4-3 (Groundball, 4)
Top of the 3rd over - 0 run(s), 0 hit(s), 0 error(s), 0 left on base; Seattle 2 - Los Cabos 1
BOTTOM OF THE 3RD
Los Cabos Cartel batting - Pitching for Seattle Pikes : RHP Thomas Hughes
Batting: RHB Dan Mason 0-0: Ball
1-0: DOUBLE (Flyball, 78D)
Batting: LHB Luis González 0-0: Ball
1-0: Ball
2-0: SINGLE (Line Drive, 8LS)
Dan Mason to third
Runner from 3rd tries for Home, SAFE, no throw or cutoff
Batting: SHB Julián Madrid 0-0: Foul Ball, location: 2F
0-1: Ball
1-1: Ball
2-1: DOUBLE (Flyball, 89XD)
Luis González to third
Batting: LHB Marc Brown 0-0: Called Strike
0-1: Ball
1-1: Foul Ball, location: 2F
1-2: Ball
2-2: Ground out U3 (Groundball, 3L)
Batting: RHB Stephen Wilson 0-0: Ball
1-0: Called Strike
1-1: Ball
2-1: Ball
3-1: Base on Balls
Batting: LHB Manny Quiñones 0-0: Ball
1-0: Ball
2-0: SINGLE (Groundball, 6MD)
Luis González scores
Julián Madrid to third
Stephen Wilson to second
Runner from 3rd tries for Home, SAFE, throw made home
Batting: RHB Oliver Hernández 0-0: Grounds into double play, 6-4-3 (Groundball, 6M)
Bottom of the 3rd over - 3 run(s), 4 hit(s), 0 error(s), 1 left on base; Seattle 2 - Los Cabos 4
TOP OF THE 4TH
Seattle Pikes batting - Pitching for Los Cabos Cartel : RHP Dillon Nelson
Batting: RHB Manuel Rico 0-0: Called Strike
0-1: Ball
1-1: Foul Ball, location: 2F
1-2: SOLO HOME RUN (Flyball, 78XD), Distance : 407 ft
Batting: LHB Eduardo Gómez 0-0: Called Strike
0-1: Swinging Strike
0-2: Strikes out looking
Batting: RHB Wallace Greene 0-0: Ball
1-0: Ball
2-0: Foul Ball, location: 2F
2-1: Called Strike
2-2: Ball
3-2: Strikes out swinging
Batting: RHB Rafael Rincón 0-0: Fly out, F7 (Flyball, 78D)
Top of the 4th over - 1 run(s), 1 hit(s), 0 error(s), 0 left on base; Seattle 3 - Los Cabos 4
BOTTOM OF THE 4TH
Los Cabos Cartel batting - Pitching for Seattle Pikes : RHP Thomas Hughes
Batting: LHB José Rivas 0-0: Foul Ball, location: 2F
0-1: Foul Ball, location: 2F
0-2: Ball
1-2: Ball
2-2: Strikes out looking
Batting: RHB Oliver Lugo 0-0: Foul Ball, location: 2F
0-1: Ball
1-1: Ball
2-1: Ground out 5-3 (Groundball, 15S)
Batting: RHB Dan Mason 0-0: Foul Ball, location: 2F
0-1: Swinging Strike
0-2: Fly out, F8 (Line Drive, 8RS)
Bottom of the 4th over - 0 run(s), 0 hit(s), 0 error(s), 0 left on base; Seattle 3 - Los Cabos 4
TOP OF THE 5TH
Seattle Pikes batting - Pitching for Los Cabos Cartel : RHP Dillon Nelson
Batting: SHB Jong-min Kim 0-0: Called Strike
0-1: Foul Ball, location: 2F
0-2: Ball
1-2: Ball
2-2: Ball
3-2: SINGLE (Line Drive, 34D)
Batting: RHB George Howard 0-0: Called Strike
0-1: Foul Ball, location: 2F
0-2: Foul Ball, location: 2F
0-2: Foul Ball, location: 2F
0-2: Strikes out swinging
Batting: LHB Chad Weaver 0-0: Called Strike
0-1: Swinging Strike
0-2: Fielders Choice at 2nd, 6-4 (Groundball, 6M)
Batting: LHB Robinson Fernández 0-0: Called Strike
0-1: Swinging Strike
0-2: Ball
1-2: Strikes out looking
Top of the 5th over - 0 run(s), 1 hit(s), 0 error(s), 1 left on base; Seattle 3 - Los Cabos 4
BOTTOM OF THE 5TH
Los Cabos Cartel batting - Pitching for Seattle Pikes : RHP Thomas Hughes
Batting: LHB Luis González 0-0: Called Strike
0-1: Swinging Strike
0-2: Foul Ball, location: 2F
0-2: Ball
1-2: Foul Ball, location: 2F
1-2: Foul Ball, location: 2F
1-2: Ground out 4-3 (Groundball, 4)
Batting: SHB Julián Madrid 0-0: Ball
1-0: Called Strike
1-1: Fly out, F8 (Flyball, 8LM)
Batting: LHB Marc Brown 0-0: Called Strike
0-1: Foul Ball, location: 2F
0-2: Fly out, F8 (Flyball, 89XD)
Bottom of the 5th over - 0 run(s), 0 hit(s), 0 error(s), 0 left on base; Seattle 3 - Los Cabos 4
TOP OF THE 6TH
Seattle Pikes batting - Pitching for Los Cabos Cartel : RHP Dillon Nelson
Batting: RHB Dave Morgan 0-0: Ball
1-0: Fly out, F6 (Line Drive, 56)
Batting: RHB Manuel Rico 0-0: SINGLE (Line Drive, 6MD)
Batting: LHB Eduardo Gómez 0-0: Foul Ball, location: 2F
0-1: Ball
1-1: Ball
2-1: Fly out, F9 (Flyball, 89D)
Batting: RHB Wallace Greene 0-0: Called Strike
0-1: SINGLE (Groundball, 4D)
Manuel Rico to second
Runner from 2nd tries for 3rd, SAFE, throw made to third
Wallace Greene to second
Batting: RHB Rafael Rincón 0-0: Ball
1-0: Ball
2-0: Called Strike
2-1: Foul Ball, location: 2F
2-2: Strikes out looking
Top of the 6th over - 0 run(s), 2 hit(s), 0 error(s), 2 left on base; Seattle 3 - Los Cabos 4
BOTTOM OF THE 6TH
Los Cabos Cartel batting - Pitching for Seattle Pikes : RHP Thomas Hughes
Batting: RHB Stephen Wilson 0-0: Ball
1-0: Fly out, F9 (Flyball, 9LD)
Batting: LHB Manny Quiñones 0-0: Swinging Strike
0-1: Ball
1-1: Ball
2-1: Ball
3-1: Swinging Strike
3-2: Strikes out swinging
Batting: RHB Oliver Hernández 0-0: Ball
1-0: Ground out 5-3 (Groundball, 56)
Bottom of the 6th over - 0 run(s), 0 hit(s), 0 error(s), 0 left on base; Seattle 3 - Los Cabos 4
TOP OF THE 7TH
Seattle Pikes batting - Pitching for Los Cabos Cartel : RHP Dillon Nelson
Batting: SHB Jong-min Kim 0-0: Ground out 6-3 (Groundball, 56)
Batting: RHB George Howard 0-0: Called Strike
0-1: Foul Ball, location: 2F
0-2: Strikes out looking
Batting: LHB Chad Weaver 0-0: Ball
1-0: Foul Ball, location: 2F
1-1: Called Strike
1-2: Strikes out swinging
Top of the 7th over - 0 run(s), 0 hit(s), 0 error(s), 0 left on base; Seattle 3 - Los Cabos 4
BOTTOM OF THE 7TH
Los Cabos Cartel batting - Pitching for Seattle Pikes : RHP Thomas Hughes
Pitching: LHP Joey Smith
Batting: LHB José Rivas 0-0: Foul Ball, location: 2F
0-1: Ball
1-1: Swinging Strike
1-2: Strikes out looking
Pitching: RHP Gilberto Barrera
Batting: RHB Oliver Lugo 0-0: Called Strike
0-1: Ball
1-1: SINGLE (Line Drive, 56D)
Pitching: LHP Cristián Escobar
Batting: RHB Dan Mason 0-0: Ball
1-0: Ground out 5-3 (Groundball, 5)
Oliver Lugo to second
Pinch Hitting: RHB Sam Wallace 0-0: Ground out 5-3 (Groundball, 5S)
Bottom of the 7th over - 0 run(s), 1 hit(s), 0 error(s), 1 left on base; Seattle 3 - Los Cabos 4
TOP OF THE 8TH
Seattle Pikes batting - Pitching for Los Cabos Cartel : RHP Dillon Nelson
Now at 3B: Sam Wallace
Batting: LHB Robinson Fernández 0-0: Swinging Strike
0-1: Called Strike
0-2: Foul Ball, location: 2F
0-2: Ball
1-2: Foul Ball, location: 2F
1-2: Ball
2-2: Ground out 5-3 (Groundball, 5L)
Pitching: LHP José Santana
Batting: RHB Dave Morgan 0-0: Ground out 6-3 (Groundball, 6)
Pitching: RHP Juan Velázquez
Batting: RHB Manuel Rico 0-0: Called Strike
0-1: Ball
1-1: Ground out 5-3 (Groundball, 56)
Top of the 8th over - 0 run(s), 0 hit(s), 0 error(s), 0 left on base; Seattle 3 - Los Cabos 4
BOTTOM OF THE 8TH
Los Cabos Cartel batting - Pitching for Seattle Pikes : LHP Cristián Escobar
Batting: SHB Julián Madrid 0-0: Ball
1-0: Ball
2-0: Called Strike
2-1: Foul Ball, location: 2F
2-2: Ball
3-2: Base on Balls
Batting: LHB Marc Brown 0-0: Ball
1-0: Called Strike
1-1: Ball
2-1: SINGLE (Groundball, 6S) (infield hit)
Julián Madrid to second
Pitching: RHP Jesús Mendoza
Batting: RHB Stephen Wilson 0-0: Called Strike
0-1: Ball
1-1: Foul Ball, location: 2F
1-2: Fly out, F9 (Flyball, 9LM)
Batting: LHB Manny Quiñones 0-0: Foul Ball, location: 2F
0-1: Grounds into double play, 4-6-3 (Groundball, 4)
Bottom of the 8th over - 0 run(s), 1 hit(s), 0 error(s), 1 left on base; Seattle 3 - Los Cabos 4
TOP OF THE 9TH
Seattle Pikes batting - Pitching for Los Cabos Cartel : RHP Juan Velázquez
Pitching: RHP Juan Nieto
Batting: LHB Eduardo Gómez 0-0: Swinging Strike
0-1: Ball
1-1: Called Strike
1-2: Ball
2-2: Strikes out looking
Batting: RHB Wallace Greene 0-0: Ball
1-0: Ball
2-0: Foul Ball, location: 2F
2-1: TRIPLE (Line Drive, 8RD)
Batting: RHB Rafael Rincón 0-0: Called Strike
0-1: Ball
1-1: Foul Ball, location: 2F
1-2: Foul Ball, location: 2F
1-2: Foul Ball, location: 2F
1-2: Fly out, F6 (Popup, 56D)
Pitching: RHP Jorge Jiménez
Batting: SHB Jong-min Kim 0-0: Ground out U3 (Groundball, 3L)
Top of the 9th over - 0 run(s), 1 hit(s), 0 error(s), 1 left on base; Seattle 3 - Los Cabos 4
This league is powered by Out of the Park Baseball, the baseball management simulation game for PC, Mac and Linux
Saturday, April 9th, 2016 - OOTP Baseball 16.8 Build 38